 Dungeon Crawl Stone Soup version 0.22-a0-3-g4fa69d9 (webtiles) character file.

4 Firecrotchwizard the Chopper (level 1, 20/20 HPs)
             Began as a Hill Orc Berserker on Jan 2, 2018.
             Was a Follower of Trog.
             Quit the game on level 1 of the Dungeon.
             The game lasted 00:00:21 (259 turns).

Firecrotchwizard the Chopper (Hill Orc Berserker)    Turns: 259, Time: 00:00:21

Health: 20/20      AC:  2    Str: 19    XL:     1   Next: 60%
Magic:  1/1        EV: 12    Int:  7    God:    Trog [*.....]
Gold:   0          SH:  0    Dex: 10    Spells: 0/0 levels left

rFire    . . .     SeeInvis .   e - +0 whip (curse)
rCold    . . .     Gourm    .   (no shield)
rNeg     . . .     Faith    .   b - +0 animal skin
rPois    .         Spirit   .   (no helmet)
rElec    .         Reflect  .   (no cloak)
rCorr    .         Harm     .   (no gloves)
MR       .....                  (no boots)
Stlth    +.........             (no amulet)
HPRegen  0.06/turn              (no ring)
MPRegen  0.07/turn              (no ring)

@: no status effects
A: no striking features
a: Berserk, Burn Spellbooks, Renounce Religion


You were on level 1 of the Dungeon.
You worshipped Trog.
Trog was aware of your devotion.
You were not hungry.

You visited 1 branch of the dungeon, and saw 1 of its levels.

Inventory:

Hand Weapons
 a - a +0 hand axe
 e - a cursed +0 whip (weapon)
   (You found it on level 1 of the Dungeon)
Armour
 b - a +0 animal skin (worn)
Scrolls
 d - a scroll of identify {unknown}
Comestibles
 c - a ration {@e1}


   Skills:
 + Level 3.7 Fighting
 * Level 4.1 Axes
 + Level 2.2 Armour
 + Level 1.6 Dodging


You couldn't memorise any spells.
You didn't know any spells.

Dungeon Overview and Level Annotations

Branches:
Dungeon (1/15)

Altars:


Message History

Welcome, Firecrotchwizard the Hill Orc Berserker.
It is said that the Orb of Zot exists deep within this dungeon.
Trog says: Kill them all!
Found a staircase leading out of the dungeon.
An ooze comes into view.
The ooze hits you.
You take 5 damage, and have 14/19 hp.
MASSIVE DAMAGE!!
You completely miss the ooze. The ooze hits you.
You take 1 damage, and have 13/19 hp.
You barely miss the ooze. The ooze closely misses you.
You hit the ooze. The ooze hits you.
You take 3 damage, and have 10/19 hp.
You hit the ooze. The ooze barely misses you.
You hit the ooze but do no damage. The ooze hits you.
You take 2 damage, and have 9/19 hp.
You are too injured to fight recklessly!
You are too injured to fight recklessly!
You are too injured to fight recklessly!
You are too injured to fight recklessly!
You hit the ooze.
You kill the ooze!
Trog accepts your kill.
You start resting.
Health restored: 20 You found a teleport trap!
Found a stone staircase leading down.
d - a scroll labeled XAUNNUROCA
e - a runed whip
Found a stone staircase leading down.
It sticks to your hand!
e - a cursed +0 whip (weapon)

.. . ## ...... .
....#.# .#
....... ..# .#
#..#.####.! ..
>.......#
##.###.....#.#.#
#.......@......#
..#.......#####
#.#.#.#.# ..
#.#.#.# # #.#.#
# #.#####
#.....##
##.....# #.##.##


There were no monsters in sight!

Vanquished Creatures
  An ooze (D:1)
1 creature vanquished.

Notes
Turn   | Place    | Note
-------+----------+-------------------------------------------
     0 | D:1      | Firecrotchwizard the Hill Orc Berserker began the quest for the Orb.
     0 | D:1      | Reached XP level 1. HP: 19/19 MP: 1/1
   259 | D:1      | Quit the game

Vault maps used:
D:1:      dpeg_arrival_rhombus

Action                   || total
-------------------------++-------
Melee: Hand axe          ||     6
Dodge: Dodged            ||     2

Table legend:
 A = Spawn XP
 B = Non-spawn XP
 C = Spawn XP percentage of total XP
 D = Spawn monster count
 E = Non-spawn monster count
 F = Spawn count percentage of total count
 G = Total turns spent on level
                    A         B        C        D         E        F      G
               +---------+---------+-------+---------+---------+-------+---------
         Total |       0 |       6 |   0.0 |       0 |       1 |   0.0 |   259
               +---------+---------+-------+---------+---------+-------+---------
           D:1 |       0 |       6 |   0.0 |       0 |       1 |   0.0 |   259
               +---------+---------+-------+---------+---------+-------+---------

Vault maps used:
D:1:      dpeg_arrival_rhombus

Table legend:
 A = Turns spent in this place as a percentage of turns spent in the entire game.
 B = Non-inter-level travel turns spent in this place as a percentage of non-inter-level travel turns spent in the entire game.
 C = Inter-level travel turns spent in this place as a percentage of turns spent in this place.
 D = Turns resting spent in this place as a percentage of non-inter-level travel turns spent in this place.
 E = Turns spent auto-exploring this place as a percentage of non-inter-level travel turns spent in this place.
 F = Non-inter-level travel turns spent in this place divided by the number of levels of this place that you've seen.
                   A       B       C       D       E      F
               +-------+-------+-------+-------+-------+----------------------
         Total | 100.0 | 100.0 |   0.0 |  66.8 |  27.4 | 259.0
       Dungeon | 100.0 | 100.0 |   0.0 |  66.8 |  27.4 | 259.0
               +-------+-------+-------+-------+-------+----------------------

Table legend:
 A = Kills in this place as a percentage of kills in entire the game.
 B = Kills by you in this place as a percentage of kills by you in the entire game.
 C = Kills by friends in this place as a percentage of kills by friends in the entire game.
 D = Other kills in this place as a percentage of other kills in the entire game.
 E = Experience gained in this place as a percentage of experience gained in the entire game.
 F = Experience gained in this place divided by the number of levels of this place that you have seen.
                   A       B       C       D       E      F
               +-------+-------+-------+-------+-------+----------------------
         Total | 100.0 | 100.0 |   N/A |   N/A | 100.0 |   6.0
       Dungeon | 100.0 | 100.0 |   N/A |   N/A | 100.0 |   6.0
               +-------+-------+-------+-------+-------+----------------------
